 Dungeon Crawl Stone Soup version 0.30-a0-862-g1aabd4f9c5 (webtiles) character file.

Game seed: 10947927477585604615

3264 Pimp the Conjurer (level 9, 0/57 HPs)
             Began as a Demonspawn Conjurer on Mar 9, 2023.
             Was a Believer of Vehumet.
             Engulfed by a steam dragon's steam (5 damage)
             ... on level 8 of the Dungeon.
             The game lasted 00:39:52 (8230 turns).

Pimp the Conjurer (Demonspawn Conjurer)             Turns: 8230, Time: 00:39:54

Health: 0/57       AC:  7    Str:  8    XL:     9   Next: 68%
Magic:  9/17       EV: 14    Int: 30    God:    Vehumet [**....]
Gold:   248        SH:  0    Dex: 17    Spells: 2/18 levels left

rFire   . . .      SeeInvis .    c - +1 hand axe (freeze)
rCold   + . .      Faith    .    (no shield)
rNeg    . . .      Spirit   .    y - +2 robe of Lust {rPois rC+}
rPois   +          Reflect  .    (no helmet)
rElec   .          Rampage  .    (no cloak)
rCorr   .                        (no gloves)
Will    .....                    (no boots)
Stlth   +++                      (no amulet)
HPRegen 0.29/turn                o - +6 ring of intelligence
MPRegen 0.15/turn                z - +6 ring of dexterity

@: very slightly contaminated
A: slimy green scales 2, icemail 1, powered by pain 1, condensation shield,
weakness stinger 2
a: Renounce Religion


You were on level 8 of the Dungeon.
You worshipped Vehumet.
Vehumet was pleased with you.
You visited 2 branches of the dungeon, and saw 9 of its levels.
You also visited: Ossuary.

You collected 367 gold pieces.
You spent 119 gold pieces at shops.

Inventory:

Hand Weapons
 c - a +1 hand axe of freezing (weapon)
 i - a +0 war axe
Missiles
 g - 9 boomerangs
 q - 8 javelins
Armour
 a - a +0 robe
 u - a +1 ring mail of willpower
 y - the +2 robe of Lust (worn) {rPois rC+}
   (You found it on level 7 of the Dungeon)

   rC:        It protects you from cold.
   rPois:     It protects you from poison.
 A - a +0 buckler
Jewellery
 n - a +6 ring of intelligence
 o - a +6 ring of intelligence (left hand)
 r - a ring of magical power
 z - a +6 ring of dexterity (right hand)
 D - a ring of fire
Wands
 k - a wand of flame (18)
 C - a wand of charming (11)
Scrolls
 e - a scroll of noise
 x - a scroll of butterflies
Potions
 d - 2 potions of degeneration
 f - 2 potions of ambrosia
 h - 3 potions of brilliance
 j - a potion of flight {unknown}
 l - 4 potions of berserk rage
 m - 4 potions of lignification
 p - 5 potions of curing
 s - 2 potions of attraction {unknown}
 t - 2 potions of mutation {unknown}
 v - 2 potions of resistance {unknown}
 w - 3 potions of might {unknown}
 B - a potion of invisibility {unknown}
 F - 3 potions of haste {unknown}


   Skills:
 + Level 4.0 Axes
 + Level 4.0 Armour
 + Level 5.2 Dodging
 + Level 5.6 Stealth
 + Level 5.3 Spellcasting
 + Level 7.1 Conjurations
 + Level 4.4 Hexes


You had 2 spell levels left.
You knew the following spells:

 Your Spells              Type           Power      Damage    Failure   Level
a - Magic Dart            Conj           100%       1d8       1%          1
b - Searing Ray           Conj           100%       2d8       1%          2
c - Dazzling Flash        Conj/Hex       84%        N/A       1%          3
d - Fulminant Prism       Conj/Hex       21%        3d12      5%          4
e - Mephitic Cloud        Conj/Pois/Air  22%        N/A       6%          3
f - Ignite Poison         Fire/Tmut/Pois 8%         N/A       17%         3

Your spell library contained the following spells:

 Spells                   Type           Power      Damage    Failure   Level
 Foxfire                  Conj/Fire      100%       2x1d9     1%          1
 Shock                    Conj/Air       100%       1d9       1%          1
 Cigotuvi's Dreadful Rot  Necr/Pois/Air  16%        N/A       9%          2
 Poisonous Vapours        Pois/Air       16%        N/A       9%          2
 Iskenderun's Mystic Bla  Conj/Tloc      29%        2d7       13%         4
 Kindle Blastsparks       Fire/Tloc/Air  16%        2d11      17%         3
 Swiftness                Air            8%         N/A       17%         3
 Airstrike                Air            4%         2d(1-17)  50%         4
 Freezing Cloud           Conj/Ice/Air   11%        6-21      52%         5


Dungeon Overview and Level Annotations

Branches:
Dungeon (8/15)             Temple (1/1) D:5         Ossuary (visited)
   Lair: D:8-11

Altars:
Cheibriados
Gozag
Hepliaklqana
Makhleb
Nemelex Xobeh
Trog
Vehumet
Wu Jian
Xom
Yredelemnul
Lugonu

Shops:
D:3 [   D:4 *   D:5 (   D:6 [


Innate Abilities, Weirdness & Mutations

You are mostly covered in slimy green scales. (AC +3)
A meltable icy envelope protects you from harm. (AC +0)
You sometimes gain a little power by taking damage.
A meltable shield of frost defends you. (SH +0)
You have a tail ending in a sharp stinger.


Message History

Aiming: Searing Ray (safe; 1% risk of failure)
Press: ? - help, Shift-Dir - straight line The searing ray misses the steam dragon. (Press . to maintain the ray.)
The steam dragon breathes steam at you.
The ball of steam hits the steam dragon.
The steam dragon resists.
The ball of steam misses you.
The searing ray hits the steam dragon!
The steam dragon is severely wounded.
You are engulfed in a cloud of scalding steam.
The steam dragon breathes steam at you. The ball of steam hits you!!
* * * LOW HITPOINT WARNING * * *
You feel better. The steam dragon breathes steam at you.
The ball of steam hits you!
* * * LOW HITPOINT WARNING * * *
Blink to where?
Press: ? - help, Dir - move target
As you read the scroll of blinking, it crumbles to dust.
You feel better.
Casting: Searing Ray (safe; 1% risk of failure)
Confirm with . or Enter, or press ? or * to list all spells.
Aiming: Mephitic Cloud (dangerous; 6% risk of failure)
Press: ? - help, Shift-Dir - straight line, f - steam dragon
Aim: a steam dragon (severely wounded, chance to affect: 81%)
The ball explodes into a vile cloud!
The stinking cloud engulfs the steam dragon but does no damage.
The steam dragon is severely wounded.
The steam dragon is engulfed in noxious fumes.
The steam dragon breathes steam at you. The ball of steam hits you!
* * * LOW HITPOINT WARNING * * *
Casting: Mephitic Cloud (dangerous; 6% risk of failure)
Confirm with . or Enter, or press ? or * to list all spells.
You miscast Ignite Poison.
You are very lightly contaminated with residual magic.
Nothing appears to happen.
You are engulfed in a cloud of scalding steam.
You die...

...###+##D......#
. .#....#.......#
'....'.......+
#....#.......#
#.<..#........
#..D.#........
###).########.
######'###.....#
#@§..#§........#
#§§..#§.########
#..§○#§§##
#....D.§.#
#....#○..#
##########


You could see a steam dragon (catching breath).

Vanquished Creatures
  An orc sorcerer (D:7)
  A gargoyle (D:8)
  A wyvern (D:8)
  4 water moccasins
  2 orc warriors
  An ice beast (D:7)
  A sky beast (D:6)
  Blork the orc (D:6)
  A kobold brigand (D:7)
  9 water moccasin zombies (Ossuary)
  5 howler monkeys
  3 orc priests
  4 hounds
  2 gnoll boudas
  4 jellies
  4 iguanas
  3 orc wizards
  2 mummies (Ossuary)
  11 gnolls
  5 adders
  2 ufetubi (D:6)
  2 adder zombies (Ossuary)
  3 worms
  A dart slug (D:4)
  13 orcs
  10 bats
  8 endoplasms
  2 giant cockroaches
  6 goblins
  8 hobgoblins
  A quokka (D:5)
  6 ball pythons
  3 frilled lizards
  A gnoll zombie (Ossuary)
  9 hobgoblin zombies (Ossuary)
  13 kobolds
  3 kobold zombies (Ossuary)
  3 orc zombies (Ossuary)
  3 rats (D:1)
  A fulminant prism (Ossuary)
163 creatures vanquished.

Vanquished Creatures (others)
  16 fulminant prisms
  5 fungi (D:4)
21 creatures vanquished.

Grand Total: 184 creatures vanquished

Notes
Turn   | Place    | Note
-------+----------+-------------------------------------------
     0 | D:1      | Pimp the Demonspawn Conjurer began the quest for the Orb.
     0 | D:1      | Reached XP level 1. HP: 13/13 MP: 3/3
   262 | D:1      | Gained mutation: You are partially covered in slimy green
                  | scales. (AC +2) [demonic ancestry]
   262 | D:1      | Reached XP level 2. HP: 19/19 MP: 0/5
   414 | D:1      | Learned a level 2 spell: Searing Ray
  1066 | D:1      | Gained mutation: A meltable shield of frost defends you.
                  | (SH +0) [demonic ancestry]
  1066 | D:1      | Reached XP level 3. HP: 24/24 MP: 3/6
  1804 | D:2      | Found a faded altar of an unknown god.
  1958 | D:2      | You fall into a shaft and drop 1 floor!
  1967 | D:3      | Found Gihe's Antique Armour Shoppe.
  2179 | D:3      | Learned a level 3 spell: Dazzling Flash
  2633 | D:3      | Bought a runed ring mail for 119 gold pieces
  2751 | D:4      | Gained mutation: You have a small tail. [demonic ancestry]
  2751 | D:4      | Reached XP level 4. HP: 13/30 MP: 2/8
  2916 | D:4      | Gained mutation: You are mostly covered in slimy green
                  | scales. (AC +3) [demonic ancestry]
  2916 | D:4      | Reached XP level 5. HP: 27/35 MP: 5/9
  3031 | D:4      | Reached skill level 5 in Conjurations
  3157 | D:4      | Found a basalt altar of Yredelemnul.
  3482 | D:4      | Found Zuagik's Elemental Accessories.
  3726 | D:5      | Entered Level 5 of the Dungeon
  3743 | D:4      | Reached XP level 6. HP: 24/41 MP: 4/10
  3843 | D:4      | Learned a level 4 spell: Fulminant Prism
  3983 | D:5      | Noticed a water moccasin
  3992 | D:5      | Killed a water moccasin
  4061 | D:5      | Reached skill level 1 in Hexes
  4131 | D:5      | Reached skill level 1 in Armour
  4162 | D:5      | Found Vosaudgh's Weapon Emporium.
  4501 | D:5      | Found a burning altar of Makhleb.
  4565 | D:5      | Found a staircase to the Ecumenical Temple.
  4574 | Temple   | Entered the Ecumenical Temple
  4783 | D:5      | Reached skill level 1 in Axes
  4783 | D:5      | Gained mutation: A meltable icy envelope protects you from
                  | harm. (AC +0) [demonic ancestry]
  4783 | D:5      | Reached XP level 7. HP: 46/46 MP: 12/12
  5204 | D:6      | Found a bloodstained altar of Trog.
  5386 | D:6      | Noticed Blork the orc
  5400 | D:6      | Killed Blork the orc
  5529 | D:6      | Gained mutation: You have a tail ending in a sharp stinger.
                  | [demonic ancestry]
  5529 | D:6      | Reached XP level 8. HP: 30/52 MP: 9/14
  5705 | D:6      | Reached skill level 6 in Conjurations
  5853 | D:6      | Found Adelen's Armour Boutique.
  6019 | D:6      | Found an opulent altar of Gozag.
  6032 | D:6      | Found a radiant altar of Vehumet.
  6040 | D:6      | Became a worshipper of Vehumet
  6456 | D:7      | Noticed an orc sorcerer
  6471 | D:7      | Killed an orc sorcerer
  6476 | D:7      | Identified the +2 robe of Lust {rPois rC+}
  6503 | D:7      | Learned a level 3 spell: Mephitic Cloud
  6507 | D:7      | Learned a level 3 spell: Ignite Poison
  6604 | D:7      | Reached skill level 5 in Stealth
  6604 | D:7      | Gained mutation: You sometimes gain a little power by
                  | taking damage. [demonic ancestry]
  6604 | D:7      | Reached XP level 9. HP: 49/57 MP: 10/16
  6790 | D:7      | Found a sand-covered staircase.
  6799 | Ossuary  | Entered an ossuary
  6877 | Ossuary  | Reached * piety under Vehumet
  6877 | Ossuary  | Offered knowledge of Kiss of Death by Vehumet.
  6985 | Ossuary  | Reached skill level 5 in Spellcasting
  7050 | Ossuary  | Offered knowledge of Foxfire by Vehumet.
  7052 | Ossuary  | Reached ** piety under Vehumet
  7370 | D:7      | Reached skill level 5 in Dodging
  7753 | D:8      | Noticed a gargoyle
  7764 | D:8      | Killed a gargoyle
  7765 | D:8      | Reached skill level 7 in Conjurations
  7880 | D:8      | Noticed a gargoyle
  7888 | D:8      | Noticed a gargoyle
  7888 | D:8      | Noticed a gargoyle
  7888 | D:8      | Noticed a gargoyle
  8230 | D:8      | Engulfed by a steam dragon's steam

Illustrated notes

Levels and vault maps discovered:
D:1:      amcnicky_arrival_double_pillar, layout_loops_corners,
          minmay_tiny_reverse_x
D:2:      layout_basic, hellmonk_ecumenical_altar_lost_god, minmay_cut_off
D:3:      layout_basic, tso_metal_star, serial_shops, shop
D:4:      layout_basic, mainiacjoe_overflow_boulevard,
          kennysheep_decorative_pillar, nicolae_elemental_shop,
          hangedman_abyss_or_decor_jellyfish_corner
D:5:      layout_gridville, bloody_makhleb, lemuel_temple_firewalk_b,
          nicolae_take_the_stairs, minivault_14, kennysheep_nub
D:6:      layout_rooms, nicolae_overflow_crystal_walls,
          mainiacjoe_overflow_six_doors_small, mainiacjoe_overflow_catwalk,
          serial_shops, nicolae_shop_hallway_plus, uniq_blork_the_orc
D:7:      cheibrodos_wizards_tower, layout_loops_ring, enter_ossuary_3
D:8:      cheibrodos_statue_roulette, layout_gridville, elyvilon_altar_5,
          mainiacjoe_overflow_alcove_2, minmay_shop_enchanted_jewellery
Temple:   corrupted_temple

Skill      XL: |  1  2  3  4  5  6  7  8  9 |
---------------+----------------------------+-----
Stealth        | 2 3 4 5 |  5.6
Dodging        | 2 3 4 5 |  5.2
Spellcasting   | 3 4 5 |  5.3
Conjurations   | 5 6 7 |  7.1
Hexes          | 1 2 3 4 |  4.4
Armour         | 1 2 3 4 |  4.0
Axes           | 1 2 3 4 |  4.0

Action                     |  1- 3 |  4- 6 |  7- 9 || total
---------------------------+-------+-------+-------++-------
  Melee: Hand axe          |    56 |    33 |   126 ||   215
         Punch             |     2 |       |     3 ||     5
         Tailslap          |       |     3 |    25 ||    28
   Cast: Magic Dart        |    41 |     4 |    24 ||    69
         Searing Ray       |    15 |    27 |    36 ||    78
         Fulminant Prism   |       |       |    17 ||    17
         Mephitic Cloud    |       |       |     2 ||     2
         Ignite Poison     |       |       |     1 ||     1
         Dazzling Flash    |       |       |     1 ||     1
    Use: Scroll            |     5 |     2 |    10 ||    17
         Potion            |     2 |       |     8 ||    10
   Stab: Sleeping          |     6 |     1 |     3 ||    10
         Invisible         |       |       |     1 ||     1
 Armour: Robe              |    27 |       |    30 ||    57
         Ring mail         |     6 |    33 |    38 ||    77
  Dodge: Dodged            |    48 |    27 |    89 ||   164
  Block: Other             |    12 |    10 |    30 ||    52

Table legend: (Time is in decaauts)
 A = Elapsed time spent in this place.
 B = Non-inter-level travel time spent in this place.
 C = Inter-level travel time spent in this place.
 D = Time resting spent in this place.
 E = Time spent auto-exploring this place.
 F = Levels seen in this place.
 G = Mean time per level.
                   A        B        C        D        E       F      G
               +--------+--------+--------+--------+--------+-----+--------+
         Total |   8278 |   7830 |    448 |   2795 |   3263 |  10 |  827.8 |
       Dungeon |   7853 |   7451 |    402 |   2614 |   3262 |   8 |  981.6 |
        Temple |     57 |     11 |     46 |      0 |      0 |   1 |   57.0 |
       Ossuary |    367 |    367 |      0 |    181 |      1 |   1 |  367.0 |
               +--------+--------+--------+--------+--------+-----+--------+

Top non-repeatable levels by time:
     D:1: 1398 daAuts
     D:5: 1259 daAuts
     D:7: 1247 daAuts
     D:4: 1233 daAuts
     D:6: 1007 daAuts
     D:3: 709 daAuts
     D:2: 570 daAuts
     D:8: 428 daAuts
 Ossuary: 367 daAuts
  Temple: 57 daAuts
